 Dungeon Crawl Stone Soup version 0.21-a0-201-g8501b10 (webtiles) character file.

265 tehllama the Insei (level 6, 0/38 HPs)
             Began as an Octopode Transmuter on Aug 17, 2017.
             Slain by DocEon's ghost (12 damage)
             ... on level 4 of the Dungeon.
             The game lasted 00:05:17 (3922 turns).

tehllama the Insei (Octopode Transmuter)            Turns: 3922, Time: 00:05:18

Health: 0/38       AC:  2    Str: 12    XL:     6   Next: 20%
Magic:  7/9        EV: 19    Int: 15    God:
Gold:   118        SH:  0    Dex: 17    Spells: 3/9 levels left

rFire    . . .     SeeInvis .     - Unarmed
rCold    . . .     Gourm    .   (shield currently unavailable)
rNeg     . . .     Faith    .   (helmet currently unavailable)
rPois    x         Spirit   .   (no amulet)
rElec    .         Reflect  .   p - ring of stealth
rCorr    .         Harm     .   (no ring)
MR       .....                  (no ring)
Stlth    ++++......             (no ring)
HPRegen  0.12/turn              (no ring)
MPRegen  0.11/turn              (no ring)
                                (no ring)
                                (no ring)

@: spider-form (expiring)
A: almost no armour, stealthy swim, (amphibious), 8 rings, (constrict 8)
a: End Transformation


You were on level 4 of the Dungeon.
You were hungry.
You were a venomous arachnid creature.
You visited 1 branch of the dungeon, and saw 5 of its levels.

You collected 118 gold pieces.

Inventory:

Missiles
 a - 33 arrows
Armour
 v - a +0 shield
Jewellery
 p - a ring of stealth (left front leg)
Wands
 o - a wand of iceblast (0/15)
Scrolls
 d - 4 scrolls of random uselessness {unknown}
 e - a scroll of fear {unknown}
 g - 2 scrolls of immolation {unknown}
 q - 2 scrolls of identify {unknown}
 w - a scroll of noise {unknown}
Potions
 f - a potion of heal wounds {unknown}
 h - 2 potions of mutation {unknown}
 i - 4 potions of agility {unknown}
 j - a potion of haste {unknown}
 k - a potion of flight {unknown}
 m - a potion of brilliance {unknown}
 n - 3 potions of lignification {unknown}
 r - a potion of ambrosia {unknown}
 s - a potion of magic {unknown}
Books
 b - a book of Changes

   Spells                             Type                      Level
   a - Beastly Appendage              Transmutation                1
   b - Sticks to Snakes               Transmutation                2
   c - Spider Form                    Transmutation/Poison         3
   d - Ice Form                       Ice/Transmutation            4
   e - Blade Hands                    Transmutation                5
Comestibles
 c - 3 bread rations
 l - 3 royal jellies
 t - 5 chunks of flesh
 u - a meat ration


   Skills:
 - Level 1.0 Fighting
 + Level 2.0 Dodging
 + Level 4.8 Stealth
 * Level 5.5 Unarmed Combat
 + Level 2.0 Spellcasting
 + Level 2.1 Transmutations
 + Level 0.5 Poison Magic


You had 3 spell levels left.
You knew the following spells:

 Your Spells              Type           Power        Failure   Level  Hunger
a - Beastly Appendage     Tmut           #.....       24%         1    #......
b - Sticks to Snakes      Tmut           #.......     32%         2    ###....
c - Spider Form           Tmut/Pois      #.........   58%         3    ###....


Dungeon Overview and Level Annotations

Branches:
Dungeon (5/15)
 Temple: D:4-7

Altars:
Elyvilon
Qazlal
Ru
Trog
Zin

Annotations:
D:4 DocEon's ghost, novice GrBe


Innate Abilities, Weirdness & Mutations

You cannot wear most types of armour.
You are very stealthy in the water. (Stealth+)
((You are amphibious.))
You can wear up to eight rings at the same time.
((You can use your tentacles to constrict eight enemies at once.))
((Your skin changes colour to match your surroundings (Stealth+).))
((Your rubbery body absorbs attacks. (AC +1, EV +1)))


Message History

The leopard gecko hisses angrily.
You hit DocEon's ghost but do no damage.
DocEon's ghost is heavily damaged.
DocEon's ghost completely misses you.
You bite DocEon's ghost!
DocEon's ghost is severely damaged.
DocEon's ghost hits you!
The phantom blinks!
You hit DocEon's ghost.
DocEon's ghost is severely damaged.
Your transformation is almost over.
You are feeling hungry.
DocEon's ghost wails, "You will join me soon!"
DocEon's ghost hits you.
You hit DocEon's ghost but do no damage.
DocEon's ghost is severely damaged.
DocEon's ghost hits you!
* * * LOW HITPOINT WARNING * * *
There is a stone staircase leading down here.
DocEon's ghost hits you!
You die...

. .. #########. ...
........ ....
########....# h .)...
.....<......# ####Wh....
#####.##....####..ls.....
#.......).[.W##....>.
####....###.s# #####
#....# #..# #....# #..#
###### #..# #..#
#######..#
.........####.#
###..##.......#
#..##.#######


You could see DocEon's ghost.

Vanquished Creatures
  A hound (D:3)
  Jessica (D:2)
  An orc wizard (D:5)
  An iguana (D:4)
  A worker ant zombie (D:4)
  5 adders
  An ooze (D:3)
  2 worms
  4 dart slugs
  2 leopard geckos (D:1)
  9 orcs
  4 giant cockroaches
  6 goblins
  7 hobgoblins
  6 jackals
  8 bats
  5 frilled lizards
  6 kobolds
  8 rats
78 creatures vanquished.

Notes
Turn   | Place    | Note
-------+----------+-------------------------------------------
     0 | D:1      | tehllama the Octopode Transmuter began the quest for the Orb.
     0 | D:1      | Reached XP level 1. HP: 13/13 MP: 3/3
    16 | D:1      | Noticed a minotaur skeleton
   161 | D:1      | Reached XP level 2. HP: 8/18 MP: 3/5
   760 | D:1      | Reached skill level 4 in Unarmed Combat
   823 | D:1      | Reached XP level 3. HP: 8/23 MP: 4/6
  1278 | D:1      | Reached skill level 1 in Stealth
  1545 | D:2      | Found a white marble altar of Elyvilon.
  1566 | D:2      | Noticed Jessica
  1573 | D:2      | Killed Jessica
  1573 | D:2      | Reached XP level 4. HP: 16/28 MP: 5/7
  1799 | D:2      | Found a bloodstained altar of Trog.
  2209 | D:2      | Found a glowing silver altar of Zin.
  2442 | D:3      | Reached XP level 5. HP: 33/33 MP: 6/8
  2510 | D:3      | Found a sacrificial altar of Ru.
  2567 | D:3      | Reached skill level 5 in Unarmed Combat
  2834 | D:3      | Found a stormy altar of Qazlal.
  3629 | D:4      | Learned a level 2 spell: Sticks to Snakes
  3633 | D:4      | Learned a level 3 spell: Spider Form
  3650 | D:4      | Reached XP level 6. HP: 38/38 MP: 7/9
  3682 | D:4      | Noticed DocEon's ghost (novice GrBe)
  3697 | D:5      | Entered Level 5 of the Dungeon
  3913 | D:4      | Noticed a phantom
  3922 | D:4      | Slain by DocEon's ghost

Vault maps used:
D:1:      shiori_arrival_whats_in_store_for_you, minmay_tree_intersection
D:2:      elyvilon_altar_5, zin_treasury, interstate_on_off,
          minmay_misc_feat_nine_boxes, trog_three_pillars_becter, uniq_jessica
D:3:      lemuel_round_altar, old_standard_altar, first_bread
D:4:      serial_shops, shop_fountains, nicolae_elemental_shop
D:5:      old_standard_altar, minmay_temple_entry_fiery

Skill      XL: |  1  2  3  4  5 |
---------------+----------------+-----
Unarmed Combat | 4 5 |  5.5
Stealth        | 2 3 4 |  4.8
Fighting       | |  1.0
Dodging        | |  2.0
Spellcasting   | |  2.0
Transmutations | |  2.1
Poison Magic   | |  0.5

Action                   |  1- 3 |  4- 6 || total
-------------------------+-------+-------++-------
Melee: Unarmed           |    74 |   126 ||   200
       Constrict         |    19 |    19 ||    38
       Tentacles         |     5 |    19 ||    24
       Kick              |     6 |    22 ||    28
       Punch             |     1 |     1 ||     2
 Cast: Beastly Appendage |     8 |    20 ||    28
       Spider Form       |       |     2 ||     2
Evoke: Wand              |       |     2 ||     2
 Stab: Sleeping          |     3 |     7 ||    10
  Eat: Chunk             |     2 |     8 ||    10
Armor: Skin              |     4 |     5 ||     9
Dodge: Dodged            |    38 |    98 ||   136
